 Dungeon Crawl Stone Soup version 0.29-a0-321-gf1c400731a (webtiles) character file.

Game seed: 17618363454134840136

10 Flugslaktarn the Vexing (level 2, -1/23 HPs)
             Began as a Palentonga Enchanter on Apr 2, 2022.
             Slain by a jackal (2 damage)
             ... on level 1 of the Dungeon.
             The game lasted 00:00:50 (173 turns).

Flugslaktarn the Vexing (Palentonga Enchanter)       Turns: 173, Time: 00:00:50

Health: -1/23      AC:  4    Str: 11    XL:     2   Next: 10%
Magic:  5/5        EV:  9    Int: 15    God:
Gold:   38         SH:  0    Dex: 10    Spells: 5/5 levels left

rFire   . . .      SeeInvis +   f - +0 war axe
rCold   . . .      Faith    +   (no shield)
rNeg    . . .      Spirit   .   b - +0 robe
rPois   .          Reflect  .   (no helmet)
rElec   .          Harm     .   (no cloak)
rCorr   .          Rampage  .   (no gloves)
Will    .....                   (no barding)
Stlth   ++........              d - amulet of faith
HPRegen 0.07/turn               (no ring)
MPRegen 0.09/turn               (no ring)

@: no status effects
A: large, rugged brown scales 3, see invisible, deformed body, roll 1, armoured
tail
a: Rolling Charge


You were on level 1 of the Dungeon.
You visited 1 branch of the dungeon, and saw 1 of its levels.

You collected 38 gold pieces.

Inventory:

Hand Weapons
 a - a +1 dagger
 f - a +0 war axe (weapon)
   (You found it on level 1 of the Dungeon)
Armour
 b - a +0 robe (worn)
Jewellery
 d - an amulet of faith (around neck)
   (You found it on level 1 of the Dungeon)
 i - an amulet of guardian spirit
   (You found it on level 1 of the Dungeon)
Scrolls
 e - a scroll of identify {unknown}
 g - a scroll of fear {unknown}
Potions
 c - 2 potions of invisibility
 h - a potion of might {unknown}
 j - a potion of curing {unknown}


   Skills:
 + Level 1.8 Fighting
 - Level 1.0 Short Blades
 - Level 1.5 Dodging
 - Level 2.0 Stealth
 - Level 2.0 Spellcasting
 - Level 3.0 Hexes


You had 5 spell levels left.
You didn't know any spells.
Your spell library contained the following spells:

 Spells                   Type           Power      Damage    Failure   Level
 Ensorcelled Hibernation  Hex/Ice        12%        N/A       19%         2
 Confusing Touch          Hex            10%        N/A       19%         3
 Tukima's Dance           Hex            10%        N/A       19%         3
 Dazzling Flash           Conj/Hex       12%        N/A       34%         3


Dungeon Overview and Level Annotations

Branches:
Dungeon (1/15)

Altars:


Innate Abilities, Weirdness & Mutations

You are completely covered in rugged brown scales. (AC +3, +7% HP)
You have supernaturally acute eyesight. (SInv)
Armour fits poorly on your strangely shaped body.
You can roll at nearby foes to attack.
You have a long armoured tail.


Message History

The hobgoblin shouts!
Found a sapphire potion.
You see here 5 gold pieces.
You now have 33 gold pieces (gained 5).
Roll where?
Press: ? - help, Dir - move target, f - hobgoblin
Aim: a hobgoblin You roll forward with a clatter of scales!
You slice the hobgoblin!!
You kill the hobgoblin!
h - a sapphire potion
Found a blackened soapstone amulet.
i - an amulet of guardian spirit
Found a purple potion.
Found 5 gold pieces.
j - a purple potion You now have 38 gold pieces (gained 5).
A jackal and a rat come into view.
Found a stone staircase leading down.
The jackal barks!
You hear a bark!
You hear an angry hiss.
A jackal comes into view.
The jackal barks!
You hear a shout!
A hobgoblin comes into view.
You hear a bark! x2
A bat comes into view.
The jackal bites you but does no damage.
The rat closely misses you.
You hit the rat.
You kill the rat!
You barely miss the jackal. You closely miss the jackal.
The jackal closely misses you.
The jackal bites you but does no damage. x2
The jackal bites you.
You slash the jackal!
You kill the jackal!
You barely miss the jackal. The bat hits you.
The jackal bites you but does no damage.
A jackal comes into view.
The jackal bites you but does no damage.
The hobgoblin hits you but does no damage.
You barely miss the hobgoblin.
The jackal barks!
You hit the jackal.
You kill the jackal!
The bat hits you but does no damage. x2; The hobgoblin hits you.
You have reached level 2!
You barely miss the hobgoblin.
Your tail-slap misses the hobgoblin.
You closely miss the bat.
The bat hits you. x2; The bat barely misses you.
The hobgoblin completely misses you. The bat barely misses you.
The hobgoblin closely misses you.
You hit the hobgoblin.
The hobgoblin is lightly wounded.
You closely miss the bat. The bat hits you.
The hobgoblin hits you but does no damage.
You are too injured to fight recklessly!
You are too injured to fight recklessly!
You closely miss the jackal. You barely miss the hobgoblin. The bat hits you.
The jackal bites you but does no damage.
The hobgoblin hits you. The jackal closely misses you.
The hobgoblin completely misses you.
You closely miss the jackal. You miss the bat. You hit the hobgoblin.
The bat barely misses you.
The jackal bites you but does no damage.
The bat hits you. The jackal misses you.
A jackal comes into view.
The bat closely misses you. The hobgoblin barely misses you.
You barely miss the jackal. You hit the bat.
You kill the bat!
You hit the hobgoblin.
The jackal bites you but does no damage.
The hobgoblin hits you but does no damage.
The jackal closely misses you. The hobgoblin closely misses you.
The jackal bites you.
You closely miss the jackal. You hit the hobgoblin.
You kill the hobgoblin!
The jackal barely misses you. The jackal misses you.
The jackal completely misses you. The jackal misses you.
You closely miss the jackal.
Your tail-slap misses the jackal.
You closely miss the jackal. The jackal barely misses you.
The jackal bites you but does no damage.
The jackal bites you. x2
* * * LOW HITPOINT WARNING * * *
You barely miss the jackal.
Your tail-slap misses the jackal.
You barely miss the jackal. The jackal barely misses you. The jackal bites you.
* * * LOW HITPOINT WARNING * * *
The jackal barely misses you. The jackal misses you.
The jackal attacks as you move away! The jackal barely misses you.
The jackal attacks as you move away! The jackal closely misses you.
You see here a rat corpse.
You barely miss the jackal.
Your tail-slap misses the jackal.
You hit the jackal. The jackal closely misses you. The jackal bites you.
* * * LOW HITPOINT WARNING * * *
The jackal closely misses you. The jackal bites you.
* * * LOW HITPOINT WARNING * * *
You hit the jackal.
The jackal is lightly wounded.
You barely miss the jackal.
The jackal bites you but does no damage.
The jackal bites you.
You die...

.....
.......###.#
.....#
###........#.#
##...##
#.#.#.#.###.###
#.#.#..## #..
#.#.#.#.###.###
#.#.#.##.#.#
###>#.#.###.#
........###.##
#..@h....#
#....#h....#
####.†.###.#
##... ... #.###
.### #. .# #.
.. #. #.


You could see 2 jackals.

Vanquished Creatures
  A ball python (D:1)
  A giant cockroach (D:1)
  2 hobgoblins (D:1)
  2 jackals (D:1)
  A bat (D:1)
  A frilled lizard (D:1)
  A rat (D:1)
  2 toadstools (D:1)
11 creatures vanquished.

Notes
Turn   | Place    | Note
-------+----------+-------------------------------------------
     0 | D:1      | Flugslaktarn the Palentonga Enchanter began the quest for
                  | the Orb.
     0 | D:1      | Reached XP level 1. HP: 13/13 MP: 3/3
    60 | D:1      | Reached skill level 1 in Fighting
   163 | D:1      | Reached XP level 2. HP: 16/23 MP: 5/5
   172 | D:1      | HP: 1/23 [jackal (1)]
   173 | D:1      | Slain by a jackal

Illustrated notes

Levels and vault maps discovered:
D:1:      ldierk_water_garden, layout_loops_ring

Skill      XL: |  1 |
---------------+----+-----
Fighting       | 1 |  1.8
Short Blades   | |  1.0
Dodging        | |  1.5
Stealth        | |  2.0
Spellcasting   | |  2.0
Hexes          | |  3.0

Action                   || total
-------------------------++-------
Melee: Dagger            ||    20
       War axe           ||    14
       Tailslap          ||     2
 Abil: Rolling Charge    ||     1
Armor: Robe              ||    20
Dodge: Dodged            ||    36

Table legend: (Time is in decaauts)
 A = Elapsed time spent in this place.
 B = Non-inter-level travel time spent in this place.
 C = Inter-level travel time spent in this place.
 D = Time resting spent in this place.
 E = Time spent auto-exploring this place.
 F = Levels seen in this place.
 G = Mean time per level.
                   A        B        C        D        E       F      G
               +--------+--------+--------+--------+--------+-----+--------+
         Total |    178 |    178 |      0 |      0 |      0 |   1 |  178.0 |
       Dungeon |    178 |    178 |      0 |      0 |      0 |   1 |  178.0 |
               +--------+--------+--------+--------+--------+-----+--------+

Top non-repeatable levels by time:
     D:1: 178 daAuts
